 Dungeon Crawl Stone Soup version 0.22-a0-284-g99d1f74 (webtiles) character file.

511 Serpenta the Sneak (level 7, 0/46 HPs)
             Began as an Octopode Chaos Knight on Mar 20, 2018.
             Slain by an ice beast (11 damage)
             ... on level 6 of the Dungeon.
             The game lasted 00:09:29 (5344 turns).

Serpenta the Sneak (Octopode Chaos Knight)          Turns: 5344, Time: 00:09:30

Health: 0/46       AC:  1    Str: 11    XL:     7   Next: 19%
Magic:  7/7        EV: 14    Int: 14    God:    Xom [.*....]
Gold:   229        SH:  0    Dex: 14    Spells: 6/6 levels left

rFire    + . .     SeeInvis .   a - +0 short sword (chaos)
rCold    . . .     Gourm    .   (no shield)
rNeg     . . .     Faith    .   (helmet restricted)
rPois    .         Spirit   .   (no amulet)
rElec    .         Reflect  .   m - ring of protection from fire
rCorr    .         Harm     .   (no ring)
MR       .....                  (no ring)
Stlth    +++++.....             (no ring)
HPRegen  0.15/turn              (no ring)
MPRegen  0.10/turn              (no ring)
                                (no ring)
                                (no ring)

@: no status effects
A: almost no armour, stealthy swim, amphibious, 8 rings, constrict 8, camouflage
1, gelatinous body 1
a: Renounce Religion


You were on level 6 of the Dungeon.
You worshipped Xom.
You were a plaything of Xom.
You were not hungry.

You visited 1 branch of the dungeon, and saw 6 of its levels.

You collected 229 gold pieces.


Innate Abilities, Weirdness & Mutations

You cannot wear most types of armour.
You are very stealthy in the water. (Stealth+)
You are amphibious.
You can wear up to eight rings at the same time.
You can use your tentacles to constrict eight enemies at once.
Your skin changes colour to match your surroundings (Stealth+).
Your rubbery body absorbs attacks. (AC +1, EV +1)


   Skills:
 - Level 3.0 Fighting
 + Level 5.9 Short Blades
 - Level 2.3 Dodging
 + Level 7.2 Stealth
 + Level 1.0 Evocations


You had 6 spell levels left.
You didn't know any spells.

Action                   |  1- 3 |  4- 6 |  7- 9 || total
-------------------------+-------+-------+-------++-------
Melee: Short sword       |    64 |   176 |    23 ||   263
       Constrict         |    15 |    44 |     3 ||    62
       Tentacles         |    10 |    29 |     6 ||    45
Throw: Tomahawk          |     2 |     2 |     1 ||     5
  Use: Scroll            |       |     2 |       ||     2
 Stab: Sleeping          |     4 |    16 |       ||    20
       Distracted        |       |     2 |       ||     2
       Confused          |       |     1 |       ||     1
  Eat: Chunk             |       |     9 |       ||     9
       Ration            |       |     1 |     1 ||     2
Armor: Skin              |     4 |     4 |     1 ||     9
Dodge: Dodged            |    32 |    96 |     8 ||   136

Inventory:

Hand Weapons
 a - a +0 short sword of chaos (weapon)
Jewellery
 m - a ring of protection from fire (left tentacle)
Wands
 c - a wand of iceblast (2)
Scrolls
 d - a scroll of teleportation
 h - 4 scrolls of remove curse
 l - a scroll of fog {unknown}
 n - a scroll of identify {unknown}
 o - a scroll of blinking {unknown}
Potions
 e - a potion of lignification {unknown}
 f - a potion of brilliance {unknown}
 i - 2 potions of haste {unknown}
 j - a potion of ambrosia {unknown}
 k - 2 potions of curing {unknown}
 p - a potion of agility {unknown}
 q - 2 potions of cancellation {unknown}
Comestibles
 b - 13 rations

.( .#. .. $.##
##.. ..... .....
.... .....
.....##..##...###
.................
#..............
#..Yc.........
#..@.........
#...Y...$....
.......#<..#...
..###..h....#
#...##..... #.?.#
....... ##...
....... ....
....... ....
.......


You could see an ice beast, a sky beast, a centaur and a howler monkey.

Vanquished Creatures
  A water moccasin (D:3)
  2 orc priests
  2 orc wizards
  An iguana (D:4)
  4 adders
  12 gnolls
  A shadow imp (D:5)
  5 worms (D:4)
  3 dart slugs
  5 leopard geckos
  12 orcs
  4 ball pythons
  11 bats
  14 goblins
  8 hobgoblins
  5 jackals (D:4)
  10 kobolds
  3 quokkas
  5 frilled lizards
  9 rats
117 creatures vanquished.

Vault maps used:
D:1:      kennysheep_arrival_forest
D:2:      nemelex_xobeh_ov_fountains_minmay, kiku_gazebo_pond_becter,
          fedhas_altar_2, first_ration
D:3:      chequers_ecumenical_altar_island, minmay_misc_feat_rows
D:4:      kennysheep_mini, grunt_decor_cap
D:5:      lemuel_doored_altar, kennysheep_slug_shrine, uniq_edmund
D:6:      lemuel_crystal_altar, temple_doors_e


Message History

You hit the centaur. You drain the centaur!
The centaur is heavily wounded.
The centaur misses you.
You completely miss the centaur.
The centaur is heavily wounded.
The centaur hits you.
You hit the centaur.
The centaur is poisoned.
The centaur is heavily wounded.
The sky beast hits you. The sky beast shocks you. The centaur hits you.
The ice beast misses you.
You are too injured to fight recklessly!
You hit the centaur. You freeze the centaur.
The centaur is almost dead.
The centaur hits you. The sky beast hits you. The sky beast shocks you.
* * * LOW HITPOINT WARNING * * *
The ice beast hits you.
* * * LOW HITPOINT WARNING * * *
The ice beast freezes you!
You die...
Xom cackles wildly!

Notes
Turn   | Place    | Note
-------+----------+-------------------------------------------
     0 | D:1      | Serpenta the Octopode Chaos Knight began the quest for the Orb.
     0 | D:1      | Reached XP level 1. HP: 16/16 MP: 1/1
    30 | D:1      | XOM: smoke on damage
    66 | D:1      | XOM: silly message
   114 | D:1      | XOM: harmless Tloc miscast
   125 | D:1      | Reached skill level 1 in Stealth
   128 | D:1      | XOM: harmless Hex miscast
   289 | D:1      | Reached XP level 2. HP: 20/21 MP: 2/2
   324 | D:1      | Reached skill level 2 in Stealth
   454 | D:1      | You fall through a shaft!
   577 | D:1      | Reached XP level 3. HP: 26/26 MP: 3/3
   903 | D:2      | Reached skill level 3 in Stealth
  1069 | D:2      | XOM: mild Tmut miscast
  1192 | D:2      | Reached XP level 4. HP: 26/31 MP: 4/4
  1401 | D:2      | XOM: potion effect (brilliance)
  1526 | D:2      | XOM: smoke on damage
  1697 | D:2      | Found an ancient bone altar of Kikubaaqudgha.
  1724 | D:2      | Found a sparkling altar of Nemelex Xobeh.
  1898 | D:2      | Found a blossoming altar of Fedhas.
  2049 | D:3      | Reached skill level 4 in Stealth
  2055 | D:3      | XOM: potion effect (brilliance)
  2213 | D:3      | Reached XP level 5. HP: 36/36 MP: 5/5
  2266 | D:3      | XOM is BORED!
  2266 | D:3      | XOM: mild Summ miscast
  2266 | D:3      | XOM: smoke on damage
  2925 | D:3      | Reached skill level 5 in Stealth
  2997 | D:3      | Found a faded altar of an unknown god.
  3111 | D:3      | Noticed a water moccasin
  3118 | D:3      | XOM: cast spell 'Call Canine Familiar'
  3130 | D:3      | Killed a water moccasin
  3130 | D:3      | Reached skill level 5 in Short Blades
  3130 | D:3      | Reached XP level 6. HP: 37/42 MP: 6/6
  3592 | D:4      | Found an ornate altar of the Wu Jian Council.
  3595 | D:4      | XOM: harmless Hex miscast
  3618 | D:4      | Reached skill level 6 in Stealth
  3783 | D:4      | XOM: divination: detect creatures
  3797 | D:4      | XOM: potion effect (haste)
  4237 | D:4      | XOM: summons friendly ufetubus
  4280 | D:5      | Entered Level 5 of the Dungeon
  4538 | D:5      | XOM: mild Tmut miscast
  4599 | D:5      | Found a snail-covered altar of Cheibriados.
  4663 | D:5      | Found a burning altar of Makhleb.
  4667 | D:5      | XOM: noise
  4820 | D:5      | Reached XP level 7. HP: 46/46 MP: 7/7
  4992 | D:5      | Noticed Edmund
  5149 | D:5      | Reached skill level 7 in Stealth
  5163 | D:5      | Reached skill level 1 in Evocations
  5164 | D:5      | XOM: 2-stop teleportation journey
  5325 | D:5      | XOM is BORED!
  5325 | D:5      | XOM: severe Air miscast
  5344 | D:6      | Slain by an ice beast
